 Dungeon Crawl Stone Soup version 0.29.0-13-gc9e81de378 (webtiles) character file.

Game seed: 11839748672328709370

474 leavemydog the Conjurer (level 6, -2/32 HPs)
             Began as a Deep Elf Conjurer on Sept 9, 2022.
             Slain by Edmund
             ... wielding a +4 vorpal flail
              (4 damage)
             ... on level 4 of the Dungeon.
             The game lasted 00:03:35 (3366 turns).

leavemydog the Conjurer (Deep Elf Conjurer)         Turns: 3366, Time: 00:03:36

Health: -2/32      AC:  2    Str:  4    XL:     6   Next: 84%
Magic:  5/16       EV: 12    Int: 25    God:
Gold:   146        SH:  0    Dex: 13    Spells: 9/16 levels left

rFire   . . .      SeeInvis .   g - +0 short sword (drain)
rCold   . . .      Faith    .   (no shield)
rNeg    . . .      Spirit   .   a - +0 robe
rPois   .          Reflect  .   (no helmet)
rElec   .          Harm     .   (no cloak)
rCorr   .          Rampage  .   (no gloves)
Will    .....                   (no boots)
Stlth   ++........              (no amulet)
HPRegen 0.10/turn               (no ring)
MPRegen 0.15/turn               (no ring)

@: no status effects
A: no striking features
a: no special abilities


You were on level 4 of the Dungeon.
You visited 1 branch of the dungeon, and saw 4 of its levels.

You collected 276 gold pieces.
You spent 130 gold pieces at shops.

Inventory:

Hand Weapons
 g - a +0 short sword of draining (weapon)
Missiles
 c - 4 silver javelins
Armour
 a - a +0 robe (worn)
Scrolls
 e - a scroll of butterflies
 f - 4 scrolls of teleportation
 h - a scroll of enchant weapon
 i - a scroll of magic mapping
 k - a scroll of immolation
 l - a scroll of silence {unknown}
 m - a scroll of acquirement {unknown}
 o - a scroll of fear
Potions
 b - 3 potions of magic
 j - a potion of curing


   Skills:
 - Level 2.4 Dodging
 - Level 2.4 Stealth
 + Level 5.8 Spellcasting
 + Level 7.6 Conjurations
 * Level 1.9 Translocations


You had 9 spell levels left.
You knew the following spells:

 Your Spells              Type           Power      Damage    Failure   Level
a - Magic Dart            Conj           100%       1d8       1%          1
b - Searing Ray           Conj           90%        2d7       1%          2
c - Iskenderun's Mystic   Conj/Tloc      31%        2d8       11%         4

Your spell library contained the following spells:

 Spells                   Type           Power      Damage    Failure   Level
 Foxfire                  Conj/Fire      100%       2x1d9     1%          1
 Conjure Flame            Conj/Fire      26%        6-21      4%          3
 Dazzling Flash           Conj/Hex       52%        N/A       4%          3
 Flame Wave               Conj/Fire      26%        2d8       16%         4
 Fulminant Prism          Conj/Hex       13%        3d9       16%         4
 Inner Flame              Hex/Fire       7%         N/A       22%         3
 Agony                    Necr           7%         N/A       91%         5
 Silence                  Hex/Air        3%         N/A       91%         5


Dungeon Overview and Level Annotations

Branches:
Dungeon (4/15)
 Temple: D:4-7

Altars:
Gozag
Hepliaklqana

Shops:
D:1 *   D:4 ?

Annotations:
D:4 Edmund


Message History

Edmund is nearby!
Casting: Magic Dart (safe; 1% risk of failure)
Confirm with . or Enter, or press ? or * to list all spells.
Aiming: Searing Ray (safe; 1% risk of failure)
Press: ? - help, Shift-Dir - straight line, f - Edmund
Aim: Edmund, wielding a +4 vorpal flail and wearing a +0 leather armour (wandering, hasn't noticed you, 82% to hit)
The searing ray hits Edmund!
Edmund is moderately wounded.
Edmund shouts! (Press . to maintain the ray.)
The searing ray hits Edmund!
Edmund is heavily wounded.
The searing ray hits Edmund.
Edmund is heavily wounded.
Edmund misses you.
A necrophage comes into view.
The searing ray hits Edmund.
Edmund is severely wounded.
You finish channelling your searing ray.
Edmund misses you.
Casting: Searing Ray (safe; 1% risk of failure)
Confirm with . or Enter, or press ? or * to list all spells.
Aiming: Searing Ray (safe; 1% risk of failure)
Press: ? - help, Shift-Dir - straight line, f/p - Edmund
Aim: Edmund, wielding a +4 vorpal flail and wearing a +0 leather armour (severely wounded, 82% to hit)
The searing ray hits Edmund.
Edmund is severely wounded. (Press . to maintain the ray.) Edmund clears his throat.
Edmund drinks a potion.
Edmund seems to grow stronger.
The searing ray hits Edmund.
Edmund is almost dead.
Edmund hits you with a +4 vorpal flail!!
Ouch! That really hurt!
* * * LOW HITPOINT WARNING * * *
x2 You feel much better.
Edmund hits you with a +4 vorpal flail!!
Ouch! That really hurt!
* * * LOW HITPOINT WARNING * * *
You die...

+. ##....8.......##
...
###....8.8...###..
...
#.....8...8..>###.
....
#....8..∩..8...###
.....
#..##.8...8..†..#
...##..##..8.8.....##
.'...##...8......#
##†..##..#.......#
#..@..#.##...#####
###@..#......#
#'#........#
..###......# ...
#...<..# ....
#......# ....
#.>....#
......+......#
#......#


You could see Edmund (strong).

Vanquished Creatures
  Sigmund (D:2)
  A scorpion (D:4)
  A jelly (D:4)
  Jessica (D:3)
  An iguana (D:4)
  Natasha (thrice) (D:2)
  7 adders
  A worm (D:2)
  5 endoplasms
  A giant cockroach (D:1)
  4 goblins
  8 hobgoblins
  4 kobolds
  4 quokkas
  3 ball pythons
  A bat (D:3)
  3 frilled lizards
  5 rats
54 creatures vanquished.

Vanquished Creatures (others)
  4 plants
4 creatures vanquished.

Grand Total: 58 creatures vanquished

Notes
Turn   | Place    | Note
-------+----------+-------------------------------------------
     0 | D:1      | leavemydog the Deep Elf Conjurer began the quest for the
                  | Orb.
     0 | D:1      | Reached XP level 1. HP: 10/10 MP: 6/6
   238 | D:1      | Reached XP level 2. HP: 15/15 MP: 2/8
   241 | D:1      | Learned a level 2 spell: Searing Ray
   337 | D:1      | Found Osuuhig's Assorted Antiques.
   418 | D:1      | Reached skill level 5 in Conjurations
  1123 | D:2      | Reached XP level 3. HP: 17/19 MP: 3/9
  1484 | D:2      | Noticed Sigmund
  1497 | D:2      | Killed Sigmund
  1498 | D:2      | Reached skill level 6 in Conjurations
  1498 | D:2      | Reached XP level 4. HP: 24/24 MP: 6/12
  1498 | D:2      | Reached XP level 5. HP: 28/28 MP: 7/14
  1549 | D:2      | Learned a level 4 spell: Iskenderun's Mystic Blast
  1784 | D:2      | Noticed Natasha
  1789 | D:2      | Killed Natasha
  1790 | D:2      | Reached skill level 7 in Conjurations
  1965 | D:2      | Found a faded altar of an unknown god.
  2014 | D:2      | Noticed Natasha
  2017 | D:2      | Killed Natasha
  2018 | D:2      | Reached skill level 5 in Spellcasting
  2018 | D:2      | Reached XP level 6. HP: 32/32 MP: 10/15
  2042 | D:2      | Noticed Natasha
  2045 | D:2      | Killed Natasha
  2046 | D:2      | Reached skill level 1 in Translocations
  2641 | D:3      | Found an opulent altar of Gozag.
  2663 | D:3      | Noticed Jessica
  2667 | D:3      | Killed Jessica
  3230 | D:4      | Found a hazy altar of Hepliaklqana.
  3268 | D:4      | Found Memmin's Magic Scroll Shop.
  3329 | D:4      | Bought a scroll of identify for 20 gold pieces
  3329 | D:4      | Bought a scroll of identify for 20 gold pieces
  3329 | D:4      | Bought a scroll of identify for 20 gold pieces
  3329 | D:4      | Bought a scroll of fear for 40 gold pieces
  3329 | D:4      | Bought a scroll of teleportation for 30 gold pieces
  3360 | D:4      | Noticed Edmund
  3366 | D:4      | Slain by Edmund

Illustrated notes

Levels and vault maps discovered:
D:1:      giann_wishing_wells, layout_loops_ring, serial_shops, shop,
          corexii_corridor_pit
D:2:      layout_loops_cross, shapermc_ecumenical_altar_hornbeckon,
          serial_rivers, chequers_serial_rivers_small_b,
          chequers_serial_rivers_micro_c, chequers_serial_rivers_micro_b,
          chequers_serial_rivers_micro_e, chequers_serial_rivers_large_a,
          chequers_serial_rivers_small_a, uniq_sigmund, uniq_natasha
D:3:      layout_basic, nicolae_gozag_seed_capital, uniq_jessica
D:4:      nicolae_cairo_tiling_very_big, layout_cave_pools,
          nicolae_hepliaklqana_hazy_memory, kennysheep_little_box, serial_shops,
          nicolae_diamond_shop, uniq_edmund, uniq_crazy_yiuf_cottage

Skill      XL: |  1  2  3  4  5  6 |
---------------+-------------------+-----
Conjurations   | 5 6 7 |  7.6
Spellcasting   | 4 5 |  5.8
Translocations | 1 |  1.9
Dodging        | |  2.4
Stealth        | |  2.4

Action                   |  1- 3 |  4- 6 || total
-------------------------+-------+-------++-------
Melee: Short sword       |       |     1 ||     1
 Cast: Magic Dart        |    58 |    55 ||   113
       Searing Ray       |     1 |     8 ||     9
  Use: Scroll            |       |     8 ||     8
       Potion            |       |     1 ||     1
Dodge: Dodged            |     3 |     5 ||     8
